TOP OF THE 1ST |
Reading Fightin Phils batting - Pitching for Biloxi Shuckers : RHP Brett Rosinsky
|
Pitching: RHP Brett Rosinsky
|
|
Batting: RHB Matt Strong
|
0-0: Ball 1-0: Swinging Strike 1-1: SINGLE (Groundball, 56S, EV 71.9 MPH) (infield hit)
|
Batting: RHB Fletcher Easter
|
0-0: Ball 1-0: Grounds into double play, 3-6-3 (Groundball, 34, EV 86.9 MPH)
|
Batting: LHB Chris Fandino
|
0-0: Ball 1-0: Ball 2-0: Swinging Strike 2-1: Foul Ball, location: 2F 2-2: Strikes out looking
|
Top of the 1st over - 0 runs, 1 hit, 0 errors, 0 left on base; Reading 0 - Biloxi 0 |
BOTTOM OF THE 1ST |
Biloxi Shuckers batting - Pitching for Reading Fightin Phils : RHP Frank Diaz
|
Pitching: RHP Frank Diaz
|
|
Batting: RHB Joe LaDue
|
0-0: Swinging Strike 0-1: Ball 1-1: Foul Ball, location: 2F 1-2: SINGLE (Groundball, 3S, EV 61.9 MPH) (infield hit)
|
Batting: SHB Jamel Wright
|
0-0: Called Strike Joe LaDue steals 2nd base (no throw) 0-1: DOUBLE (Groundball, 5L, EV 93.8 MPH) Joe LaDue scores
|
Batting: LHB Mike Staley
|
0-0: Foul Ball, location: 2F 0-1: Called Strike 0-2: Ball 1-2: SINGLE (Groundball, 34D, EV 101.9 MPH) Jamel Wright to third
|
Batting: RHB Eddie McCoy
|
0-0: Ball 1-0: Called Strike Mike Staley steals 2nd base 1-1: SINGLE (Groundball, 6MD, EV 105.0 MPH) Jamel Wright scores Mike Staley to third
|
Batting: RHB Tim Lively
|
0-0: Ball 1-0: Foul Ball, location: 2F 1-1: Foul Ball, location: 2F 1-2: Ball 2-2: Fly out, F9 (Line Drive, 9S, EV 94.4 MPH)
|
Batting: RHB Logan Morgan
|
0-0: Grounds into double play, 5-4-3 (Groundball, 56, EV 89.4 MPH)
|
Bottom of the 1st over - 2 runs, 4 hits, 0 errors, 1 left on base; Reading 0 - Biloxi 2 |
TOP OF THE 2ND |
Reading Fightin Phils batting - Pitching for Biloxi Shuckers : RHP Brett Rosinsky
|
Batting: RHB Kory Sanchez
|
0-0: Called Strike 0-1: Ball 1-1: Ball 2-1: Fly out, F8 (Line Drive, 8LM, EV 86.9 MPH)
|
Batting: LHB Danny Hill
|
0-0: Called Strike 0-1: Swinging Strike 0-2: Foul Ball, location: 2F 0-2: Ball 1-2: SINGLE (Line Drive, 34D, EV 105.0 MPH)
|
Batting: LHB Darrell Ortega
|
0-0: Called Strike 0-1: Ball 1-1: Ball 2-1: Ball 3-1: Called Strike 3-2: Fly out, F7 (Line Drive, 7, EV 99.4 MPH)
|
Batting: LHB Michael Tuttle
|
0-0: Ball 1-0: Ground out 4-3 (Groundball, 4D, EV 101.3 MPH)
|
Top of the 2nd over - 0 runs, 1 hit, 0 errors, 1 left on base; Reading 0 - Biloxi 2 |
BOTTOM OF THE 2ND |
Biloxi Shuckers batting - Pitching for Reading Fightin Phils : RHP Frank Diaz
|
Batting: RHB Nick Garland
|
0-0: Ball 1-0: Ball 2-0: Fly out, F8 (Flyball, 8RS, EV 89.4 MPH)
|
Batting: RHB Eric Sullivan
|
0-0: Called Strike 0-1: Swinging Strike 0-2: Ball 1-2: Foul Ball, location: 2F 1-2: Foul Ball, location: 2F 1-2: Foul Ball, location: 2F 1-2: Strikes out swinging
|
Batting: RHB Joe Hinson
|
0-0: Foul Ball, location: 2F 0-1: Called Strike 0-2: Ball 1-2: Fly out, F9 (Line Drive, 89S, EV 106.3 MPH)
|
Bottom of the 2nd over - 0 runs, 0 hits, 0 errors, 0 left on base; Reading 0 - Biloxi 2 |
TOP OF THE 3RD |
Reading Fightin Phils batting - Pitching for Biloxi Shuckers : RHP Brett Rosinsky
|
Batting: LHB Jose Fierro
|
0-0: Foul Ball, location: 2F 0-1: SINGLE (Line Drive, 9S, EV 108.8 MPH)
|
Batting: RHB Gary Hills
|
0-0: Foul Ball, location: 2F 0-1: SINGLE (Groundball, 6S, EV 71.3 MPH) (infield hit) Jose Fierro to second
|
Batting: RHB Matt Strong
|
0-0: Ball 1-0: Swinging Strike 1-1: Ball 2-1: Called Strike 2-2: Grounds into double play, 3-6-3 (Groundball, 3, EV 90.0 MPH) Jose Fierro to third
|
Batting: RHB Fletcher Easter
|
0-0: Called Strike 0-1: Foul Ball, location: 2F 0-2: Ball 1-2: Ground out 3-1 (Groundball, 34S, EV 86.3 MPH)
|
Top of the 3rd over - 0 runs, 2 hits, 0 errors, 1 left on base; Reading 0 - Biloxi 2 |
BOTTOM OF THE 3RD |
Biloxi Shuckers batting - Pitching for Reading Fightin Phils : RHP Frank Diaz
|
Batting: RHB Joe LaDue
|
0-0: Ground out 6-3 (Groundball, 6S, EV 63.1 MPH)
|
Batting: SHB Jamel Wright
|
0-0: Called Strike 0-1: Ball 1-1: Ball 2-1: Ball 3-1: Foul Ball, location: 2F 3-2: Foul Ball, location: 2F 3-2: Base on Balls
|
Batting: LHB Mike Staley
|
0-0: Called Strike Jamel Wright steals 2nd base 0-1: Ground out 6-3 (Groundball, 6, EV 105.6 MPH)
|
Batting: RHB Eddie McCoy
|
0-0: Ball 1-0: Ball 2-0: Ball 3-0: Called Strike 3-1: Called Strike 3-2: Ground out 1-3 (Groundball, P, EV 72.5 MPH)
|
Bottom of the 3rd over - 0 runs, 0 hits, 0 errors, 1 left on base; Reading 0 - Biloxi 2 |
TOP OF THE 4TH |
Reading Fightin Phils batting - Pitching for Biloxi Shuckers : RHP Brett Rosinsky
|
Batting: LHB Chris Fandino
|
0-0: Ground out U3 (Groundball, 3, EV 85.6 MPH)
|
Batting: RHB Kory Sanchez
|
0-0: Swinging Strike 0-1: Ball 1-1: Called Strike 1-2: SINGLE (Groundball, 34D, EV 103.8 MPH)
|
Batting: LHB Danny Hill
|
0-0: Swinging Strike 0-1: Ball 1-1: Called Strike 1-2: Strikes out swinging
|
Batting: LHB Darrell Ortega
|
0-0: Ball 1-0: Ball 2-0: Called Strike 2-1: Ball 3-1: Ground out 4-3 (Groundball, 4, EV 83.8 MPH)
|
Top of the 4th over - 0 runs, 1 hit, 0 errors, 1 left on base; Reading 0 - Biloxi 2 |
BOTTOM OF THE 4TH |
Biloxi Shuckers batting - Pitching for Reading Fightin Phils : RHP Frank Diaz
|
Batting: RHB Tim Lively
|
0-0: Ball 1-0: Swinging Strike 1-1: Ball 2-1: Fly out, F9 (Flyball, 9LS, EV 91.3 MPH)
|
Batting: RHB Logan Morgan
|
0-0: Ball 1-0: Foul Ball, location: 2F 1-1: Foul Ball, location: 2F 1-2: Ball 2-2: Fly out, F8 (Flyball, 8LS, EV 89.4 MPH)
|
Batting: RHB Nick Garland
|
0-0: Called Strike 0-1: Ball 1-1: Foul Ball, location: 2F 1-2: Ball 2-2: Foul Ball, location: 2F 2-2: Strikes out looking
|
Bottom of the 4th over - 0 runs, 0 hits, 0 errors, 0 left on base; Reading 0 - Biloxi 2 |
TOP OF THE 5TH |
Reading Fightin Phils batting - Pitching for Biloxi Shuckers : RHP Brett Rosinsky
|
Batting: LHB Michael Tuttle
|
0-0: Fly out, F8 (Flyball, 78D, EV 102.5 MPH)
|
Batting: LHB Jose Fierro
|
0-0: Fly out, F5 (Popup, 5S, EV 62.5 MPH)
|
Batting: RHB Gary Hills
|
0-0: Foul Ball, location: 2F 0-1: Foul Ball, location: 2F 0-2: Ball 1-2: Ground out 4-3 (Groundball, 4M, EV 86.3 MPH)
|
Top of the 5th over - 0 runs, 0 hits, 0 errors, 0 left on base; Reading 0 - Biloxi 2 |
BOTTOM OF THE 5TH |
Biloxi Shuckers batting - Pitching for Reading Fightin Phils : RHP Frank Diaz
|
Pitching: RHP Ben Bosley
|
|
Batting: RHB Eric Sullivan
|
0-0: Ball 1-0: SINGLE (Groundball, 4MD, EV 100.0 MPH)
|
Batting: RHB Joe Hinson
|
0-0: Ball 1-0: Ball 2-0: Foul Ball, location: 2F 2-1: Ball 3-1: Swinging Strike 3-2: Foul Ball, location: 2F 3-2: Base on Balls Eric Sullivan to second
|
Batting: RHB Joe LaDue
|
0-0: SINGLE (Flyball, 3D, EV 96.3 MPH) Eric Sullivan to third Joe Hinson to second
|
Batting: SHB Jamel Wright
|
0-0: Ball 1-0: Ball 2-0: Ball 3-0: Called Strike 3-1: Foul Ball, location: 2F 3-2: Strikes out swinging
|
Batting: LHB Mike Staley
|
0-0: Ball 1-0: Ball 2-0: Foul Ball, location: 2F 2-1: Ball 3-1: Fly out, F8 (Flyball, 8RS, EV 85.6 MPH)
|
Batting: RHB Eddie McCoy
|
0-0: Fielders Choice at 2nd, 6-4 (Groundball, 6, EV 93.8 MPH)
|
Bottom of the 5th over - 0 runs, 2 hits, 0 errors, 3 left on base; Reading 0 - Biloxi 2 |
TOP OF THE 6TH |
Reading Fightin Phils batting - Pitching for Biloxi Shuckers : RHP Brett Rosinsky
|
Batting: RHB Matt Strong
|
0-0: Called Strike 0-1: Fly out, F7 (Flyball, 7S, EV 90.6 MPH)
|
Batting: RHB Fletcher Easter
|
0-0: Swinging Strike 0-1: Ball 1-1: Called Strike 1-2: Strikes out swinging
|
Batting: LHB Chris Fandino
|
0-0: Called Strike 0-1: Called Strike 0-2: Fly out, F8 (Line Drive, 8RD, EV 105.0 MPH)
|
Top of the 6th over - 0 runs, 0 hits, 0 errors, 0 left on base; Reading 0 - Biloxi 2 |
BOTTOM OF THE 6TH |
Biloxi Shuckers batting - Pitching for Reading Fightin Phils : RHP Ben Bosley
|
Batting: RHB Tim Lively
|
0-0: Ball 1-0: Ball 2-0: Fly out, F9 (Line Drive, 9, EV 91.3 MPH)
|
Batting: RHB Logan Morgan
|
0-0: Ball 1-0: Ball 2-0: Ball 3-0: Called Strike 3-1: Foul Ball, location: 2F 3-2: Fly out, F9 (Flyball, 89D, EV 101.9 MPH)
|
Batting: RHB Nick Garland
|
0-0: Fly out, F8 (Flyball, 89D, EV 80.6 MPH)
|
Bottom of the 6th over - 0 runs, 0 hits, 0 errors, 0 left on base; Reading 0 - Biloxi 2 |
TOP OF THE 7TH |
Reading Fightin Phils batting - Pitching for Biloxi Shuckers : RHP Brett Rosinsky
|
Batting: RHB Kory Sanchez
|
0-0: Ball 1-0: Foul Ball, location: 2F 1-1: Foul Ball, location: 2F 1-2: Strikes out swinging
|
Batting: LHB Danny Hill
|
0-0: Ball 1-0: Ball 2-0: Called Strike 2-1: Ball 3-1: Called Strike 3-2: Base on Balls
|
Batting: LHB Darrell Ortega
|
0-0: Called Strike 0-1: Ball Danny Hill is caught stealing 2nd base 2-6 1-1: Ball 2-1: Swinging Strike 2-2: Ball 3-2: Foul Ball, location: 2F 3-2: Ground out 5-3 (Groundball, 5, EV 104.4 MPH)
|
Top of the 7th over - 0 runs, 0 hits, 0 errors, 0 left on base; Reading 0 - Biloxi 2 |
BOTTOM OF THE 7TH |
Biloxi Shuckers batting - Pitching for Reading Fightin Phils : RHP Ben Bosley
|
Pitching: RHP Adam Rasmussen
|
|
Batting: RHB Eric Sullivan
|
0-0: Fly out, F9 (Line Drive, 9, EV 93.8 MPH)
|
Batting: RHB Joe Hinson
|
0-0: Ball 1-0: Called Strike 1-1: Fly out, F6 (Flyball, 6D, EV 89.4 MPH)
|
Batting: RHB Joe LaDue
|
0-0: Called Strike 0-1: Foul Ball, location: 2F 0-2: Ball 1-2: Foul Ball, location: 2F 1-2: Foul Ball, location: 2F 1-2: Foul Ball, location: 2F 1-2: Ball 2-2: Strikes out looking
|
Bottom of the 7th over - 0 runs, 0 hits, 0 errors, 0 left on base; Reading 0 - Biloxi 2 |
TOP OF THE 8TH |
Reading Fightin Phils batting - Pitching for Biloxi Shuckers : RHP Brett Rosinsky
|
Batting: LHB Michael Tuttle
|
0-0: Called Strike 0-1: SINGLE (Groundball, 6D, EV 98.1 MPH)
|
Batting: LHB Jose Fierro
|
0-0: Called Strike 0-1: Ball 1-1: Swinging Strike 1-2: Foul Ball, location: 2F 1-2: Ball 2-2: Ball 3-2: Base on Balls Michael Tuttle to second
|
Pitching: RHP Jason Miles
|
|
Pinch Hitting: SHB Lance Franklin
|
0-0: Ball 1-0: Called Strike 1-1: Called Strike 1-2: Foul Ball, location: 2F 1-2: Ball 2-2: Ball 3-2: Fly out, F8 (Line Drive, 8RD, EV 85.6 MPH)
|
Batting: RHB Matt Strong
|
0-0: Ball 1-0: Swinging Strike 1-1: Called Strike 1-2: Ball 2-2: Strikes out looking
|
Batting: RHB Fletcher Easter
|
0-0: Ground out U3 (Groundball, 34, EV 98.1 MPH)
|
Top of the 8th over - 0 runs, 1 hit, 0 errors, 2 left on base; Reading 0 - Biloxi 2 |
BOTTOM OF THE 8TH |
Biloxi Shuckers batting - Pitching for Reading Fightin Phils : RHP Adam Rasmussen
|
Pitching: RHP Jaylen Johnson
|
|
Now at SS: Lance Franklin
|
|
Batting: SHB Jamel Wright
|
0-0: Swinging Strike 0-1: Foul Ball, location: 2F 0-2: Ball 1-2: Strikes out swinging
|
Batting: LHB Mike Staley
|
0-0: Ball 1-0: Ball 2-0: Ball 3-0: Base on Balls
|
Batting: RHB Eddie McCoy
|
0-0: Ball Mike Staley steals 2nd base 1-0: Foul Ball, location: 2F 1-1: Called Strike 1-2: DOUBLE (Line Drive, 89D, EV 98.1 MPH) Mike Staley scores
|
Batting: RHB Tim Lively
|
0-0: Ball 1-0: Called Strike 1-1: Called Strike 1-2: Ground out 4-3 (Groundball, 4M, EV 97.5 MPH) Eddie McCoy to third
|
Batting: RHB Logan Morgan
|
0-0: Called Strike 0-1: Swinging Strike 0-2: Strikes out looking
|
Bottom of the 8th over - 1 run, 1 hit, 0 errors, 1 left on base; Reading 0 - Biloxi 3 |
TOP OF THE 9TH |
Reading Fightin Phils batting - Pitching for Biloxi Shuckers : RHP Jason Miles
|
Pitching: RHP Mike Ellinwood
|
|
Batting: LHB Chris Fandino
|
0-0: Ball 1-0: Called Strike 1-1: Hit by Pitch
|
Batting: RHB Kory Sanchez
|
0-0: Ball 1-0: Called Strike 1-1: SINGLE (Groundball, 4MD, EV 95.0 MPH) Chris Fandino to second
|
Batting: LHB Danny Hill
|
0-0: Called Strike 0-1: Called Strike 0-2: Ball 1-2: Foul Ball, location: 2F 1-2: Strikes out swinging
|
Batting: LHB Darrell Ortega
|
0-0: Ball 1-0: Ball 2-0: Fielders Choice at 2nd, 4-6 (Groundball, 4M, EV 80.6 MPH) Chris Fandino to third
|
Batting: LHB Michael Tuttle
|
0-0: Called Strike 0-1: Ball 1-1: Swinging Strike 1-2: SINGLE (Groundball, 4MD, EV 101.3 MPH) Chris Fandino scores Darrell Ortega to second
|
Batting: LHB Jose Fierro
|
0-0: Ball 1-0: Ground out 4-3 (Groundball, 34, EV 105.0 MPH)
|
Top of the 9th over - 1 run, 2 hits, 0 errors, 2 left on base; Reading 1 - Biloxi 3 |
|